 Dungeon Crawl Stone Soup version 0.31-a0-833-gc15d34cb79 (webtiles) character file.

Game seed: 14426574359283277633

12194 ipx the Basher (level 11, -2/53 HPs)
             Began as a Vine Stalker Gladiator on Sept 25, 2023.
             Was a High Priest of Okawaru.
             Succumbed to a black mamba's poison
             ... on level 2 of the Lair of Beasts.
             The game lasted 01:20:32 (5129 turns).

ipx the Basher (Vine Stalker Gladiator)             Turns: 5129, Time: 01:20:33

Health: -2/53      AC: 11    Str: 21    XL:     11   Next: 89%
Magic:  6/12       EV: 12    Int:  8    God:    Okawaru [*****.]
Gold:   396        SH:  0    Dex: 21    Spells: 10/10 levels left

rFire   . . .        a - +0 morningstar (freeze)
rCold   . . .        l - +0 buckler
rNeg    + . .        n - +4 leather armour of the Mordant God {Dex+5 Stlth+}
rPois   .            c - +1 helmet
rElec   .            x - +0 cloak
rCorr   .            B - +0 pair of gloves
SInv    +            (no boots)
Will    +....        R - amulet of reflection
Stlth   ++           e - ring of positive energy
HPRegen 1.08/turn    v - ring of see invisible
MPRegen 0.13/turn

%: reflection, guardian spirit
@: confused, lethally poisoned (-2 -> -16), ambrosia-drunk, marked
A: fangs 3, regeneration 1, magic shield, antimagic bite, no potion heal 2
a: Renounce Religion, Heroism, Finesse, Duel


You were on level 2 of the Lair of Beasts.
You worshipped Okawaru.
Okawaru was extremely pleased with you.
You visited 3 branches of the dungeon, and saw 16 of its levels.

You collected 508 gold pieces.
You spent 112 gold pieces at shops.

Inventory:

Hand Weapons
 a - a +0 morningstar of freezing (weapon)
 b - a +5 hand axe
 z - a +0 morningstar
Missiles
 d - 6 boomerangs (quivered)
 f - 4 javelins
 m - 19 poisoned darts
 y - 3 darts of dispersal
Armour
 c - a +1 helmet (worn)
 l - a +0 buckler (worn)
 n - the +4 leather armour of the Mordant God (worn) {Dex+5 Stlth+}
   (You found it on level 4 of the Dungeon)

   Dex+5:     It affects your dexterity (+5).
   Stlth+:    It makes you more stealthy.
 q - a +2 ring mail of poison resistance
 x - a +0 cloak (worn)
 B - a +0 pair of gloves (worn)
 G - an orb of energy
Magical Staves
 k - a staff of earth
Jewellery
 e - a ring of positive energy (left hand)
 v - a ring of see invisible (right hand)
 R - an amulet of reflection (around neck)
Wands
 i - a wand of polymorph (14)
 s - a wand of flame (22)
Scrolls
 g - a scroll of teleportation
 h - a scroll of fog
 A - a scroll of blinking
Potions
 j - 2 potions of haste
 o - a potion of cancellation {unknown}
 p - 2 potions of curing {unknown}
 r - a potion of mutation {unknown}
 t - a potion of magic {unknown}
 w - 2 potions of brilliance {unknown}
 C - 2 potions of might {unknown}
 D - a potion of lignification {unknown}
 E - a potion of degeneration {unknown}
 F - a potion of berserk rage {unknown}


   Skills:
 - Level 4.0 Fighting
 * Level 13.5(14.1) Maces & Flails
 - Level 1.8(4.7) Polearms
 - Level 6.8(11.1) Staves
 - Level 6.0 Throwing
 - Level 2.4 Dodging
 - Level 4.0 Shields


You had 10 spell levels left.
You didn't know any spells.
Your spell library contained the following spells:

 Spells                   Type           Power      Damage    Failure   Level
 Magic Dart               Conj           0%         1d3       54%         1
 Cigotuvi's Dreadful Rot  Necr/Pois/Air  0%         N/A       67%         2
 Static Discharge         Conj/Air       0%         2-2/arc   67%         2
 Frozen Ramparts          Ice            0%         1d1       88%         3
 Ignite Poison            Fire/Tmut/Pois 0%         N/A       88%         3
 Mephitic Cloud           Conj/Pois/Air  0%         N/A       88%         3
 Volatile Blastmotes      Fire/Tloc      0%         2d10      88%         3
 Airstrike                Air            0%         2d(0-16)  99%         4
 Fulminant Prism          Conj/Hex       0%         3d5       99%         4
 Iskenderun's Mystic Bla  Conj/Tloc      0%         2d3       99%         4
 Petrify                  Tmut/Erth      0%         N/A       99%         4
 Alistair's Intoxication  Tmut/Pois      0%         N/A       100%        5
 Borgnjor's Vile Clutch   Necr/Erth      0%         N/A       100%        5
 Freezing Cloud           Conj/Ice/Air   0%         6-21      100%        5
 Metabolic Englaciation   Hex/Ice        0%         N/A       100%        5
 Eringya's Noxious Bog    Tmut/Pois      0%         4d6       100%        6
 Summon Small Mammal      Summ           Unusable   N/A       N/A         1
 Call Imp                 Summ           Unusable   N/A       N/A         2
 Call Canine Familiar     Summ           Unusable   N/A       N/A         3
 Summon Guardian Golem    Hex/Summ       Unusable   N/A       N/A         3
 Summon Lightning Spire   Summ/Air       Unusable   N/A       N/A         4

Dungeon Overview and Level Annotations

Branches:
Dungeon (12/15)            Temple (1/1) D:7            Lair (3/5) D:11
    Orc (0/2) D:9
  Swamp: Lair:2-3    Shoals: Lair:2-3     Snake: Lair:2-3    Spider: Lair:2-3

Altars:
Ashenzari
Cheibriados
Dithmenos
Elyvilon
Fedhas
Gozag
Hepliaklqana
Kikubaaqudgha
Makhleb
Nemelex Xobeh
Okawaru
Qazlal
Ru
Sif Muna
Trog
Uskayaw
Vehumet
Wu Jian
Xom
Yredelemnul
Zin
The Shining One

Shops:
D:4 ![

Annotations:
D:11 exclusion: ugly thing
Lair:1 exclusion: downstairs


Innate Abilities, Weirdness & Mutations

You have razor-sharp teeth.
Your natural rate of healing is unusually fast.
When hurt, damage is shared between your health and your magic reserves.
Your bite disrupts and absorbs the magic of your enemies.
Potions cannot restore your health.


Message History

The basilisk bites you! You block the spriggan's attack.
The basilisk bites you.
A spriggan rider comes into view. It is wielding a +0 spear.
You block the basilisk's attack. The spriggan hits you with a +0 rapier.
The black mamba bites you.
A wolf comes into view. x3
The black mamba bites you!
A wolf comes into view.
The wolf moves out of view.
There is a stone staircase leading up, spattered with blood here.
A nearby fungus withers and dies.
A nearby plant withers and dies.
You block the black mamba's attack. The black mamba misses you.
The spriggan rider hits you from afar with a +0 spear.
The basilisk closely misses you.
You climb upwards.
There is a stone staircase leading down here.
You barely miss the basilisk. Your bite misses the basilisk.
The black mamba bites you!
* * * LOW HITPOINT WARNING * * *
The black mamba bites you but does no damage.
The basilisk bites you but does no damage.
You hit the basilisk.
The basilisk seems to slow down.
You freeze the basilisk. You bite the basilisk!
The basilisk's magic leaks into the air.
You drain its magic.
You feel invigorated.
The basilisk is heavily wounded.
You block the black mamba's attack.
You hit the basilisk.
The basilisk seems to slow down.
You freeze the basilisk. Your bite misses the basilisk.
The basilisk is heavily wounded.
The black mamba bites you!
* * * LOW HITPOINT WARNING * * *
You are lethally poisoned!
The black mamba poisons you!
The black mamba bites you but does no damage.
The basilisk bites you!
* * * LOW HITPOINT WARNING * * *
You are confused.
Your system rejects the healing.
You feel invigorated.
You die...

#....##............<.........
#.............##............
##...........###...........
#..........................
##.#.#..................#P.
..###.##.....>..........### #
## #...............##
#........S.......#
##........@l......
#..........#.....
#................#
#.................#
#..................
.................
P........P#.....
...............


You could see a black mamba and a basilisk (slow, magic disrupted).

Vanquished Creatures
  2 hydras
  A two-headed ogre (D:11)
  A cyclops (D:10)
  3 elephants (Lair:1)
  2 cane toads (D:11)
  The ghost of Vorhees the Trooper, a novice DjMo (D:4)
  A kobold demonologist (D:11)
  3 komodo dragons (D:11)
  3 blink frogs
  Eustachio (D:5)
  5 yaks (Lair:1)
  A wyvern (D:11)
  3 basilisks
  2 vampire mosquitoes (D:11)
  4 steam dragons
  Menkaure (D:6)
  5 water moccasins
  2 acid dragons
  2 orc warriors
  3 ice beasts
  An ogre (D:5)
  2 centaurs (D:8)
  A phantom (D:5)
  2 kobold brigands (D:11)
  A gnoll sergeant (D:9)
  3 bullfrogs
  3 scorpions
  12 wights
  13 killer bees
  5 howler monkeys
  2 jellies
  A hound (D:6)
  3 orc priests
  2 gnoll boudas
  10 iguanas
  A sleepcap (D:5)
  3 orc wizards
  11 gnolls
  8 adders
  2 shadow imps
  An ufetubus (D:5)
  2 worms
  2 dart slugs
  30 orcs
  2 ball pythons
  2 endoplasms
  2 giant cockroaches (D:4)
  7 jackals (D:1)
  A quokka (D:2)
  2 bats
  3 frilled lizards
  3 goblins
  5 kobolds
  3 rats
197 creatures vanquished.

Notes
Turn   | Place    | Note
-------+----------+-------------------------------------------
     0 | D:1      | ipx the Vine Stalker Gladiator began the quest for the Orb.
     0 | D:1      | Reached XP level 1. HP: 11/11 MP: 2/2
    48 | D:1      | Reached XP level 2. HP: 15/15 MP: 3/3
   253 | D:2      | Reached XP level 3. HP: 12/18 MP: 4/4
   352 | D:4      | Found a hide-covered altar of Uskayaw.
   381 | D:4      | Reached XP level 4. HP: 23/23 MP: 5/5
   426 | D:4      | Found Maugeody's Distillery.
   478 | D:4      | Found Janliv's Antique Armour Boutique.
   536 | D:4      | Found a runed translucent door.
   546 | D:4      | Noticed an orc warrior
   576 | D:4      | Killed an orc warrior
   577 | D:4      | Reached skill level 5 in Staves
   577 | D:4      | Reached XP level 5. HP: 26/26 MP: 4/6
   607 | D:4      | Noticed Vorhees's ghost (novice DjMo)
   679 | D:5      | Entered Level 5 of the Dungeon
   739 | D:5      | Noticed an ogre
   763 | D:5      | Killed an ogre
   764 | D:5      | Reached XP level 6. HP: 30/30 MP: 7/7
   819 | D:5      | Noticed Eustachio
   849 | D:5      | Killed Eustachio
   850 | D:5      | Reached XP level 7. HP: 25/34 MP: 3/8
  1017 | D:5      | Found a shadowy altar of Dithmenos.
  1152 | D:5      | Found an ancient bone altar of Kikubaaqudgha.
  1181 | D:6      | Noticed Menkaure
  1195 | D:6      | Reached skill level 5 in Throwing
  1352 | D:5      | Found a sparkling altar of Nemelex Xobeh.
  1370 | D:5      | Noticed a steam dragon
  1389 | D:5      | Killed a steam dragon
  1390 | D:5      | Gained mutation: You have razor-sharp teeth. [Vine Stalker
                  | growth]
  1390 | D:5      | Reached XP level 8. HP: 11/38 MP: 1/9
  1497 | D:8      | Noticed a two-headed ogre
  1627 | D:7      | Reached skill level 1 in Polearms
  1696 | D:6      | Killed Menkaure
  1697 | D:6      | Reached skill level 1 in Maces & Flails
  1762 | D:6      | Found a glowing silver altar of Zin.
  1834 | D:6      | Reached skill level 2 in Maces & Flails
  1949 | D:7      | Found an opulent altar of Gozag.
  2077 | D:7      | Reached skill level 3 in Maces & Flails
  2236 | D:7      | Reached skill level 1 in Shields
  2236 | D:7      | Reached XP level 9. HP: 45/45 MP: 10/10
  2319 | D:4      | Bought a cloak for 112 gold pieces
  2454 | D:4      | Killed Vorhees's ghost
  2455 | D:4      | Reached skill level 4 in Maces & Flails
  2470 | D:4      | Identified the +4 leather armour of the Mordant God {Dex+5
                  | Stlth+}
  2615 | D:5      | Reached skill level 5 in Maces & Flails
  2828 | D:7      | Found a staircase to the Ecumenical Temple.
  2833 | Temple   | Entered the Ecumenical Temple
  2857 | Temple   | Became a worshipper of Warmaster Okawaru
  3052 | D:8      | Found a shimmering blue altar of Sif Muna.
  3084 | D:8      | Reached skill level 6 in Maces & Flails
  3141 | D:8      | Noticed a two-headed ogre
  3174 | D:8      | Found a snail-covered altar of Cheibriados.
  3207 | D:8      | Reached * piety under Okawaru
  3239 | D:8      | Reached skill level 7 in Maces & Flails
  3379 | D:9      | Reached XP level 10. HP: 36/49 MP: 7/11
  3447 | D:9      | Found a basalt altar of Yredelemnul.
  3464 | D:10     | Entered Level 10 of the Dungeon
  3495 | D:9      | Found a staircase to the Orcish Mines.
  3548 | D:9      | Reached skill level 8 in Maces & Flails
  3569 | D:9      | Found a hazy altar of Hepliaklqana.
  3577 | D:9      | Found a broken altar of Ashenzari.
  3738 | D:10     | Reached ** piety under Okawaru
  3897 | D:10     | Noticed a cyclops
  3913 | D:10     | Killed a cyclops
  3971 | D:10     | Reached skill level 9 in Maces & Flails
  4007 | D:11     | Noticed a brown ugly thing
  4309 | D:12     | Noticed a kobold demonologist
  4313 | D:11     | Killed a kobold demonologist
  4322 | D:11     | Reached *** piety under Okawaru
  4342 | D:11     | Noticed a two-headed ogre
  4359 | D:11     | Killed a two-headed ogre
  4360 | D:11     | Reached skill level 10 in Maces & Flails
  4506 | D:11     | Reached XP level 11. HP: 45/53 MP: 10/12
  4528 | D:11     | Reached **** piety under Okawaru
  4529 | D:11     | Reached skill level 11 in Maces & Flails
  4572 | D:11     | Found a staircase to the Lair.
  4585 | D:11     | Upgraded the game from 0.31-a0-831-g143b1e81fc to
                  | 0.31-a0-833-gc15d34cb79
  4589 | Lair:1   | Entered Level 1 of the Lair of Beasts
  4672 | Lair:1   | Reached ***** piety under Okawaru
  4692 | Lair:2   | Noticed an eight-headed hydra
  4714 | Lair:1   | Noticed a five-headed hydra
  4721 | Lair:1   | Killed a five-headed hydra
  4722 | Lair:1   | Reached skill level 12 in Maces & Flails
  4867 | Lair:1   | Received a gift from Okawaru
  4927 | Lair:1   | Reached skill level 13 in Maces & Flails
  5031 | Lair:2   | Killed an eight-headed hydra
  5122 | Lair:3   | Noticed a spriggan rider
  5129 | Lair:2   | Succumbed to a black mamba's poison

Illustrated notes

Levels and vault maps discovered:
D:1:      dpeg_arrival_rhombi, layout_loops_ring,
          dreamdust_ecumenical_altar_hidden_monk_grotto
D:2:      layout_basic, uniq_robin
D:3:      layout_basic
D:4:      layout_basic, eat_drink_and_be_merry_uskayaw, ebering_ghost_sewer_d,
          serial_shops, shop, nicolae_shop_real_fake_doors
D:5:      layout_basic, grunt_dithmenos_shadows, nemelex_spade_bored_becter,
          kennysheep_little_box, uniq_eustachio
D:6:      layout_basic, zin_statuary, uniq_menkaure
D:7:      layout_basic, grunt_gozag_statues, minmay_temple_entry_nine_rooms,
          minivault_27
D:8:      layout_loops_ring, mainiacjoe_overflow_tiny_flanked,
          cheibrodos_worm_habitat, gammafunk_ghost_smash
D:9:      layout_basic, mainiacjoe_overflow_cross_hatched,
          mainiacjoe_overflow_catwalk_spiral, david_orc_2
D:10:     layout_basic, minmay_fractal_squares_5
D:11:     layout_roguey, erik_lair_dragon
D:12:     layout_gridville, uniq_azrael
Temple:   minmay_temple_curvy_loop
Lair:1:   layout_roguey, lemuel_fruit_tree, lemuel_fruit_fields
Lair:2:   layout_cave_shapes, minmay_swamp_entry_reptiles
Lair:3:   kb_forest_paths, layout_chaotic_city,
          minmay_snake_entry_guardpost_small, serial_bayou_shore_b

Skill      XL: |  1  2  3  4  5  6  7  8  9 10 11 |
---------------+----------------------------------+-----
Staves         | 3 4 5 6 |  6.8
Throwing       | 3 4 5 6 |  6.0
Polearms       | 1 |  1.8
Fighting       | 3 4 |  4.0
Maces & Flails | 3 7 10 13 | 13.5
Shields        | 1 2 4 |  4.0
Dodging        | |  2.4

Action                     |  1- 3 |  4- 6 |  7- 9 | 10-12 || total
---------------------------+-------+-------+-------+-------++-------
  Melee: Quarterstaff      |    55 |    49 |    95 |       ||   199
         Bite              |     5 |    13 |    77 |   106 ||   201
         Whip              |       |       |    95 |    58 ||   153
         Morningstar       |       |       |    94 |   253 ||   347
         Hand axe          |       |       |       |     6 ||     6
  Throw: Throwing net      |     7 |     3 |       |       ||    10
         Dart              |       |    20 |    26 |    27 ||    73
         Javelin           |       |     7 |     5 |     6 ||    18
         Boomerang         |       |       |    21 |    46 ||    67
  Evoke: Wand              |       |       |     2 |       ||     2
    Use: Scroll            |     2 |       |    10 |     4 ||    16
         Potion            |       |       |     1 |     2 ||     3
   Stab: Held in net/web   |     4 |     1 |       |       ||     5
         Sleeping          |     1 |       |       |     3 ||     4
 Armour: Leather armour    |    27 |     7 |    58 |   175 ||   267
         Chain mail        |       |    37 |   125 |       ||   162
  Dodge: Dodged            |    31 |    35 |    89 |   115 ||   270
  Block: Other             |       |     7 |    21 |       ||    28
         Buckler           |       |       |    92 |   146 ||   238
         Reflection        |       |       |     3 |     1 ||     4

Table legend: (Time is in decaauts)
 A = Elapsed time spent in this place.
 B = Non-inter-level travel time spent in this place.
 C = Inter-level travel time spent in this place.
 D = Time resting spent in this place.
 E = Time spent auto-exploring this place.
 F = Levels seen in this place.
 G = Mean time per level.
                   A        B        C        D        E       F      G
               +--------+--------+--------+--------+--------+-----+--------+
         Total |   5086 |   4876 |    210 |      0 |      0 |  16 |  317.9 |
       Dungeon |   4569 |   4416 |    153 |      0 |      0 |  12 |  380.8 |
        Temple |     47 |      2 |     45 |      0 |      0 |   1 |   47.0 |
          Lair |    469 |    457 |     12 |      0 |      0 |   3 |  156.3 |
               +--------+--------+--------+--------+--------+-----+--------+

Top non-repeatable levels by time:
     D:5: 835 daAuts
    D:11: 647 daAuts
     D:4: 600 daAuts
     D:7: 594 daAuts
     D:6: 495 daAuts
     D:8: 420 daAuts
     D:9: 346 daAuts
  Lair:1: 318 daAuts
    D:10: 261 daAuts
     D:2: 212 daAuts
  Lair:2: 126 daAuts
     D:1: 95 daAuts
     D:3: 50 daAuts
  Temple: 47 daAuts
  Lair:3: 24 daAuts
